Match 45217878
Unlisted

Match 45217878
End
Engineer Squad
Construct Weapon Support Center
Selects Advanced Infantry Battlegroup
M1919 Machine Gun Team
M1919 Machine Gun Team
M1919 Machine Gun Team
Infantry Support Center
Construct Medical Station
M3 Armored Personnel Carrier
Construct Barracks
Advanced Logistics
Selects Convert to Ranger Squad
Selects Artillery Observers
Ranger Squad
Survival Training
Ranger Squad
Selects Designate Assault Position
Construct Tank Depot
Selects Ranger Weapon Training
Improved M9 Bazooka Rockets
Selects M2A1 105mm Howitzer Emplacement
Demolitions Package
Munitions Surplus
MDJ1305
pagep
0
0

Comments sign in to comment!

No comments posted yet!